 Dungeon Crawl Stone Soup version 0.30-a0-862-g1aabd4f9c5 (webtiles) character file.

Game seed: 6097578240324168082

309 iguanaiguana the Chiller (level 6, -4/48 HPs)
             Began as an Armataur Ice Elementalist on Mar 9, 2023.
             Slain by a scorpion (6 damage)
             ... on level 4 of the Dungeon.
             The game lasted 00:12:43 (831 turns).

iguanaiguana the Chiller (Armataur Ice Elementalist) Turns: 831, Time: 00:12:44

Health: -4/48      AC:  4    Str: 13    XL:     6   Next: 17%
Magic:  0/9        EV:  9    Int: 17    God:
Gold:   30         SH:  0    Dex: 11    Spells: 3/10 levels left

rFire   . . .      SeeInvis .    e - +0 trident
rCold   . . .      Faith    .    l - orb {*Rage}
rNeg    . . .      Spirit   .    a - +0 robe
rPois   .          Reflect  .    (no helmet)
rElec   .          Roll     +    (no cloak)
rCorr   +          Rage     20%  (no gloves)
Will    .....                    (no barding)
Stlth   ++                       (no amulet)
HPRegen 0.28/turn                c - ring of flight
MPRegen 0.11/turn                m - ring of resist corrosion

@: lethally poisoned (-4 -> -5), on berserk cooldown, flying
A: large, rugged brown scales 3, deformed body, armoured tail, roll, long
tongue, awkward tongue
a: no special abilities


You were on level 4 of the Dungeon.
You visited 1 branch of the dungeon, and saw 4 of its levels.

You collected 30 gold pieces.

Inventory:

Hand Weapons
 e - a +0 trident (weapon)
Missiles
 d - 4 boomerangs (quivered)
 h - 4 poisoned darts
Armour
 a - a +0 robe (worn)
 l - an orb of wrath (worn)
 p - a +0 kite shield
Jewellery
 c - a ring of flight (left hand)
 m - a ring of resist corrosion (right hand)
Wands
 k - a wand of paralysis (1)
Scrolls
 f - a scroll of enchant weapon {unknown}
 i - 2 scrolls of identify {unknown}
 j - 2 scrolls of teleportation {unknown}
 n - a scroll of amnesia {unknown}
Potions
 b - a potion of magic
 g - a potion of attraction
 o - a potion of lignification {unknown}


   Skills:
 - Level 1.3 Dodging
 - Level 2.1 Stealth
 - Level 2.5 Spellcasting
 + Level 6.5 Ice Magic


You had 3 spell levels left.
You knew the following spells:

 Your Spells              Type           Power      Damage    Failure   Level
a - Freeze                Ice            96%        1d10      1%          1
b - Frozen Ramparts       Ice            48%        1d8       3%          3
c - Ozocubu's Armour      Ice            24%        N/A       3%          3

Your spell library contained the following spells:

 Spells                   Type           Power      Damage    Failure   Level
 Static Discharge         Conj/Air       4%         2-3/arc   28%         2
 Vhi's Electric Charge    Tloc/Air       4%         N/A       50%         3
 Summon Ice Beast         Ice/Summ       13%        N/A       43%         4
 Arcjolt                  Conj/Air       1%         1d11      99%         5
 Lightning Bolt           Conj/Air       1%         1d12      99%         5


Dungeon Overview and Level Annotations

Branches:
Dungeon (4/15) Zot: 23131
 Temple: D:4-7

Altars:
Ashenzari
Gozag
Nemelex Xobeh
Sif Muna
Trog
Zin


Innate Abilities, Weirdness & Mutations

You are completely covered in rugged brown scales. (AC +3, +7% HP)
Armour fits poorly on your strangely shaped body.
You have a long armoured tail.
You roll when moving toward enemies. (Rampage)
Your long tongue fully drains potion bottles. (2x potion effects)
Your tongue gives you trouble enunciating. (1.5x scroll delay)


Message History

The scorpion suddenly stops moving!
You feel very sick.
The helpless scorpion fails to defend itself.
You hit the scorpion.
The scorpion is almost dead.
You feel very sick. The dart slug launches a dart at you.
The slug dart hits you.
* * * LOW HITPOINT WARNING * * *
The dart slug launches a dart at you. The slug dart hits you.
* * * LOW HITPOINT WARNING * * *
Casting: Frozen Ramparts (dangerous; 3% risk of failure)
Confirm with . or Enter, or press ? or * to list all spells.
Aiming: Freeze (safe; 1% risk of failure)
Press: ? - help, Shift-Dir - straight line, f - dart slug, p - scorpion
Aim: a dart slug You freeze the dart slug.
The dart slug is heavily wounded.
* * * LOW HITPOINT WARNING * * *
Casting: Freeze (safe; 1% risk of failure)
Confirm with . or Enter, or press ? or * to list all spells.
Aiming: Freeze (safe; 1% risk of failure)
Press: ? - help, Shift-Dir - straight line, f/p - dart slug
Aim: a dart slug (heavily wounded)
You freeze the dart slug.
The dart slug is severely wounded.
You feel yourself speed up.
* * * LOW HITPOINT WARNING * * *
The dart slug launches a dart at you.
Okay, then.
Okay, then.
Reach: e) +0 trident
Press: ? - help, Dir - move target, f/p - dart slug
Aim: a dart slug (severely wounded, about 8% to evade your +0 trident)
You puncture the dart slug!
You kill the dart slug!
* * * LOW HITPOINT WARNING * * *
The scorpion is no longer paralysed.
The scorpion stings you.
You die...

#...##..........'..._...##
..#...............#.....♣..#
.............##########....#
#............###.....###._.#
.#....##.######..._...#....#
##.#........#..⌠...♣...⌠..#
.. ##...##.##....#..._...##
.. ##......#._.###.....##
##.##.##.@..########
#.##.##†s♣...... .
#.##)###..._.... ..###'##)#
##.......
#.oo...#.#########.. ..
#...#.#....... .. .
#.....#....... #.#
#............ #.#
#†..........# #.#


You could see a scorpion.

Vanquished Creatures
  A black bear (D:4)
  An ogre (D:3)
  Blork the orc (D:4)
  An iguana (D:4)
  2 adders
  2 worms (D:2)
  A dart slug (D:4)
  5 orcs (D:4)
  2 endoplasms
  2 goblins
  A hobgoblin (D:4)
  A ball python (D:2)
  A rat (D:3)
21 creatures vanquished.

Notes
Turn   | Place    | Note
-------+----------+-------------------------------------------
     0 | D:1      | iguanaiguana the Armataur Ice Elementalist began the quest
                  | for the Orb.
     0 | D:1      | Reached XP level 1. HP: 14/14 MP: 3/3
   120 | D:3      | Reached skill level 4 in Ice Magic
   166 | D:2      | Reached XP level 2. HP: 9/21 MP: 1/4
   256 | D:3      | Noticed an ogre
   583 | D:3      | Killed an ogre
   584 | D:3      | Reached skill level 5 in Ice Magic
   584 | D:3      | Reached XP level 3. HP: 27/27 MP: 0/5
   584 | D:3      | Reached XP level 4. HP: 35/35 MP: 0/6
   588 | D:3      | Learned a level 3 spell: Frozen Ramparts
   664 | D:4      | Noticed a black bear
   709 | D:4      | Killed a black bear
   710 | D:4      | Reached skill level 6 in Ice Magic
   710 | D:4      | Reached XP level 5. HP: 40/40 MP: 1/8
   714 | D:4      | Learned a level 3 spell: Ozocubu's Armour
   794 | D:4      | Found a shimmering blue altar of Sif Muna.
   795 | D:4      | Found a sparkling altar of Nemelex Xobeh.
   795 | D:4      | Noticed Blork the orc
   799 | D:4      | Killed Blork the orc
   800 | D:4      | Reached XP level 6. HP: 43/48 MP: 0/9
   805 | D:4      | Found a bloodstained altar of Trog.
   807 | D:4      | Found an opulent altar of Gozag.
   808 | D:4      | Found a broken altar of Ashenzari.
   814 | D:4      | Found a glowing silver altar of Zin.
   831 | D:4      | HP: 2/48 [poisoned by a scorpion]
   831 | D:4      | Slain by a scorpion

Illustrated notes

Levels and vault maps discovered:
D:1:      spicycebolla_arrival_risky_transporter, layout_loops_ring,
          serial_shops, nicolae_square_shop
D:2:      layout_loops_ring, minmay_domino_4
D:3:      layout_loops_ring, nicolae_wu_jian_wuxing_cycle,
          kennysheep_generic_room_3, uniq_ijyb
D:4:      layout_basic, nicolae_overflow_hallway_of_the_gods, uniq_eustachio,
          uniq_blork_the_orc

Skill      XL: |  1  2  3  4 |
---------------+-------------+-----
Ice Magic      | 4 5 6 |  6.5
Spellcasting   | 2 |  2.5
Dodging        | |  1.3
Stealth        | |  2.1

Action                     |  1- 3 |  4- 6 || total
---------------------------+-------+-------++-------
  Melee: Trident           |    19 |    24 ||    43
         Tailslap          |     2 |     3 ||     5
  Throw: Dart              |     2 |       ||     2
   Cast: Freeze            |    15 |     7 ||    22
         Frozen Ramparts   |       |     5 ||     5
  Evoke: Wand              |     4 |     6 ||    10
    Use: Potion            |     3 |     2 ||     5
   Stab: Sleeping          |     1 |     1 ||     2
         Paralysed         |     1 |     1 ||     2
 Armour: Robe              |    13 |    15 ||    28
  Dodge: Dodged            |     5 |    26 ||    31

Table legend: (Time is in decaauts)
 A = Elapsed time spent in this place.
 B = Non-inter-level travel time spent in this place.
 C = Inter-level travel time spent in this place.
 D = Time resting spent in this place.
 E = Time spent auto-exploring this place.
 F = Levels seen in this place.
 G = Mean time per level.
                   A        B        C        D        E       F      G
               +--------+--------+--------+--------+--------+-----+--------+
         Total |    867 |    763 |    104 |      0 |      0 |   4 |  216.8 |
       Dungeon |    867 |    763 |    104 |      0 |      0 |   4 |  216.8 |
               +--------+--------+--------+--------+--------+-----+--------+

Top non-repeatable levels by time:
     D:2: 312 daAuts
     D:3: 278 daAuts
     D:4: 251 daAuts
     D:1: 25 daAuts
